 Dungeon Crawl Stone Soup version 0.29.1-12-g30fa7ad0bf (webtiles) character file.

Game seed: 350606046142663408

461 wormed the Cudgeller (level 7, -1/44 HPs)
             Began as a Gargoyle Fighter on Dec 21, 2022.
             Was an Initiate of the Shining One.
             Slain by a kobold brigand
             ... wielding a +1 whip of distortion
              (14 damage)
             ... on level 4 of the Dungeon.
             The game lasted 00:06:05 (3667 turns).

wormed the Cudgeller (Gargoyle Fighter)             Turns: 3667, Time: 00:06:05

Health: -1/44      AC: 23    Str: 22    XL:     7   Next: 7%
Magic:  7/7        EV: 10    Int:  8    God:    the Shining One [......]
Gold:   236        SH:  5    Dex:  9    Spells: 6/6 levels left

rFire   . . .      SeeInvis .   a - +1 flail
rCold   . . .      Faith    +   c - +1 buckler
rNeg    + . .      Spirit   .   n - +5 plate armour "Wahe" {rElec rPois}
rPois   ∞          Reflect  .   (no helmet)
rElec   +          Harm     .   v - +0 cloak
rCorr   .          Rampage  .   (no gloves)
Will    +....                   (no boots)
Stlth   ..........              x - amulet of faith
HPRegen 0.14/turn               f - +4 ring of evasion
MPRegen 0.10/turn               k - ring of willpower

@: about to teleport, glowing
A: sickness immunity, AC +4, negative energy resistance 1, electricity
resistance, torment resistance 1, petrification resistance
a: Renounce Religion


You were on level 4 of the Dungeon.
You worshipped the Shining One.
The Shining One was noncommittal.
You visited 2 branches of the dungeon, and saw 5 of its levels.
You also visited: Sewer.

You collected 236 gold pieces.

Inventory:

Hand Weapons
 a - a +1 flail (weapon)
Armour
 c - a +1 buckler (worn)
 n - the +5 plate armour "Wahe" (worn) {rElec rPois}
   (You found it on level 2 of the Dungeon)

   rElec:     It insulates you from electricity.
   rPois:     It protects you from poison.
 v - a +0 cloak (worn)
Jewellery
 b - a ring of fire
 f - a +4 ring of evasion (left hand)
 g - an amulet of magic regeneration
 k - a ring of willpower (right hand)
 s - a +6 ring of intelligence
 x - an amulet of faith (around neck)
Wands
 u - a wand of polymorph (7)
Scrolls
 o - a scroll of teleportation
 p - 2 scrolls of fear {unknown}
 t - a scroll of brand weapon {unknown}
 w - 2 scrolls of identify {unknown}
 y - a scroll of noise {unknown}
 z - a scroll of blinking {unknown}
Potions
 d - a potion of might
 e - a potion of brilliance {unknown}
 h - a potion of lignification {unknown}
 i - 3 potions of curing {unknown}
 j - a potion of berserk rage {unknown}
 l - a potion of resistance {unknown}
 m - a potion of flight {unknown}
 q - 2 potions of attraction {unknown}
 r - 2 potions of heal wounds {unknown}


   Skills:
 + Level 4.7 Fighting
 * Level 4.9 Maces & Flails
 + Level 4.7 Armour
 + Level 4.7 Shields


You had 6 spell levels left.
You didn't know any spells.
Your spell library contained the following spells:

 Spells                   Type           Power      Damage    Failure   Level
 Ensorcelled Hibernation  Hex/Ice        0%         N/A       100%        2
 Spider Form              Tmut/Pois      0%         N/A       100%        3
 Anguish                  Hex/Necr       0%         N/A       100%        4


Dungeon Overview and Level Annotations

Branches:
Dungeon (4/15)             Temple (1/1) D:4           Sewer (visited)

Altars:
Ashenzari
Cheibriados
Dithmenos
Elyvilon
Fedhas
Gozag
Okawaru
Qazlal
Ru
Sif Muna
Trog
Wu Jian
Yredelemnul
The Shining One

Annotations:
D:4 TheSexyCheese's ghost, amateur TrBe


Innate Abilities, Weirdness & Mutations

You are immune to sickness and miasma.
Your stone body is resilient. (AC +4)
You are immune to poison.
You resist negative energy. (rN+)
You are resistant to electric shocks. (rElec)
You are resistant to unholy torment.
You are immune to petrification.


Message History

You block the kobold's attack.
You thump TheSexyCheese's ghost!
TheSexyCheese's ghost is heavily damaged.
TheSexyCheese's ghost barely misses you.
You hit TheSexyCheese's ghost but do no damage.
TheSexyCheese's ghost is heavily damaged.
TheSexyCheese's ghost barely misses you.
The kobold misses you.
TheSexyCheese's ghost hits you but does no damage.
The kobold throws a stone.
The stone hits you.
TheSexyCheese's ghost attacks as you move away!
TheSexyCheese's ghost hits you but does no damage.
The kobold throws a stone.
You block the stone.
TheSexyCheese's ghost wails, "They lied to you.
The Dungeon just goes down and down forever."
You sock the kobold!
You kill the kobold!
TheSexyCheese's ghost hits you!
The kobold throws a stone.
The stone barely misses you.
TheSexyCheese's ghost attacks as you move away!
TheSexyCheese's ghost hits you but does no damage.
The kobold misses you.
You see here a +0 short sword of venom.
You hit the kobold.
You kill the kobold!
The kobold brigand throws a poisoned dart.
The poisoned dart hits you! TheSexyCheese's ghost hits you.
The kobold brigand hits you but does no damage.
Space warps around you. The kobold barely misses you.
Items here: ( ) ? †.
As you read the scroll of teleportation, it crumbles to dust.
You feel strangely unstable.
The kobold brigand hits you but does no damage.
Space warps around you.
* * * LOW HITPOINT WARNING * * *
The kobold barely misses you.
TheSexyCheese's ghost closely misses you.
You barely miss the kobold brigand.
The kobold brigand hits you but does no damage.
Space warps horribly around you!
You die...

...........# #....#..≈≈...#
.....(....## ####...~≈≈...#
...#.....## ####......~~....#
..##...######.........~~.~..#
..####........###...~..≈≈~~.#
...#######......>......≈~...#
.#...###...#.#..K..#.~.~~...#
.###..#..#.....#W#.#...~~~~.#
..#........#.K##@#.#.~.~~.~.#
....#.).###..#.KK#.#...~≈...#
.......###......K).#.~~≈~...#
...........##'''##..~..≈~...#
..........##.....###...~~...#
..........#~.#.#.~##.~.≈≈...#
..........#⌠.#.#.⌠#..#.≈≈..##
##..#..<..#~.#.#.~##..#≈≈###
#...#....##.)...######≈≈#


You could see a kobold brigand, TheSexyCheese's ghost and 3 kobolds.

Vanquished Creatures
  Pargi (Sewer)
  A howler monkey (D:4)
  2 hounds (D:4)
  Crazy Yiuf (D:3)
  An iguana (D:4)
  Natasha (thrice) (D:2)
  5 adders
  An ufetubus (D:4)
  3 dart slugs
  4 orcs
  7 ball pythons
  2 endoplasms (D:2)
  7 giant cockroaches
  2 hobgoblins
  5 jackals
  7 kobolds
  4 quokkas
  3 bats
  3 frilled lizards (D:1)
  5 goblins
  6 rats
73 creatures vanquished.

Vanquished Creatures (others)
  4 fungi (D:4)
4 creatures vanquished.

Grand Total: 77 creatures vanquished

Notes
Turn   | Place    | Note
-------+----------+-------------------------------------------
     0 | D:1      | wormed the Gargoyle Fighter began the quest for the Orb.
     0 | D:1      | Reached XP level 1. HP: 14/14 MP: 1/1
    45 | D:1      | Reached XP level 2. HP: 19/19 MP: 2/2
   866 | D:2      | Noticed Natasha
   874 | D:2      | Noticed a crimson imp
   875 | D:2      | Killed Natasha
   876 | D:2      | Reached XP level 3. HP: 15/24 MP: 3/3
  1049 | D:2      | Noticed Natasha
  1063 | D:2      | Killed Natasha
  1064 | D:2      | Reached XP level 4. HP: 24/29 MP: 4/4
  1137 | D:2      | Noticed Natasha
  1146 | D:2      | Killed Natasha
  1289 | D:2      | Reached XP level 5. HP: 30/33 MP: 5/5
  1452 | D:2      | Identified the +5 plate armour "Wahe" {rElec rPois}
  2156 | D:3      | Found a glowing drain.
  2175 | Sewer    | Entered a sewer
  2233 | Sewer    | Noticed Pargi
  2263 | Sewer    | Killed Pargi
  2264 | Sewer    | Reached XP level 6. HP: 27/39 MP: 6/6
  2777 | D:3      | Found a runed translucent door.
  2778 | D:3      | Noticed Crazy Yiuf
  2784 | D:3      | Killed Crazy Yiuf
  3056 | D:4      | Found a runed translucent gate.
  3067 | D:4      | Found a runed translucent gate.
  3067 | D:4      | Noticed TheSexyCheese's ghost (amateur TrBe)
  3068 | D:4      | Found a runed translucent gate.
  3166 | D:4      | Found a staircase to the Ecumenical Temple.
  3270 | Temple   | Entered the Ecumenical Temple
  3278 | Temple   | Became a worshipper of the Shining One
  3462 | D:4      | Reached XP level 7. HP: 41/44 MP: 7/7
  3542 | D:4      | Found a basalt altar of Yredelemnul.
  3667 | D:4      | Slain by a kobold brigand

Illustrated notes

Levels and vault maps discovered:
D:1:      tarquinn_simple_flora_water_f, layout_basic
D:2:      layout_loops_ring, uniq_natasha
D:3:      layout_basic, gup_sewer_entry_pipe, uniq_crazy_yiuf_cottage
D:4:      layout_rooms, kennysheep_mini, minmay_temple_entry_mist,
          gammafunk_ghost_nasty_kobolds, chequers_serial_rivers_small_3
Temple:   cyrus_circular_temple

Skill      XL: |  1  2  3  4  5 |
---------------+----------------+-----
Maces & Flails | 3 4 |  4.9
Shields        | 4 |  4.7
Fighting       | 4 |  4.7
Armour         | 4 |  4.7

Action                   |  1- 3 |  4- 6 |  7- 9 || total
-------------------------+-------+-------+-------++-------
Melee: Flail             |    76 |   227 |    18 ||   321
  Use: Scroll            |       |     6 |     1 ||     7
Armor: Scale mail        |    24 |    23 |       ||    47
       Plate armour      |       |   136 |    11 ||   147
Dodge: Dodged            |    54 |   163 |    14 ||   231
Block: Buckler           |    21 |    75 |    10 ||   106
